 Dungeon Crawl Stone Soup version 0.21.1-1-g345015f (webtiles) character file.

322 Monsterracer the Ruffian (level 6, -6/47 HPs)
             Began as a Human Fighter on Feb 6, 2018.
             Was an Initiate of Qazlal.
             Killed from afar by Dowan (21 damage)
             ... with a shard of ice
             ... on level 4 of the Dungeon.
             The game lasted 00:05:00 (4102 turns).

Monsterracer the Ruffian (Human Fighter)            Turns: 4102, Time: 00:05:00

Health: -6/47      AC: 10    Str: 18    XL:     6   Next: 76%
Magic:  6/6        EV:  8    Int:  9    God:    Qazlal [......]
Gold:   164        SH:  9    Dex: 12    Spells: 5/5 levels left

rFire    . . .     SeeInvis .     - Unarmed
rCold    . . .     Gourm    .   b - +0 shield
rNeg     . . .     Faith    .   m - +0 ring mail (curse)
rPois    +         Spirit   .   r - +2 helmet
rElec    .         Reflect  .   (no cloak)
rCorr    .         Harm     .   o - +1 pair of gloves
MR       .....                  (no boots)
Stlth    ..........             (no amulet)
HPRegen  0.15/turn              s - ring of poison resistance {!d}
MPRegen  0.10/turn              l - ring of loudness (curse)

@: glowing
A: no striking features
a: Renounce Religion


You were on level 4 of the Dungeon.
You worshipped Qazlal.
Qazlal was noncommittal.
You were not hungry.

You visited 1 branch of the dungeon, and saw 4 of its levels.

You collected 164 gold pieces.

Inventory:

Armour
 b - a +0 shield (worn)
 m - a cursed +0 ring mail (worn)
 o - a +1 pair of gloves (worn)
 r - a +2 helmet (worn)
Jewellery
 l - a cursed ring of loudness (right hand)
 q - an uncursed ring of ice
 s - a ring of poison resistance (left hand) {!d}
 w - an uncursed ring of fire
 y - an uncursed ring of ice
Wands
 a - a wand of acid (8)
Scrolls
 e - a scroll of immolation {!r}
 f - 3 scrolls of identify
 j - a scroll of fear {!r}
 k - a scroll of amnesia
Potions
 d - a potion of might
 g - a potion of magic {unknown}
 h - 2 potions of resistance
 n - a potion of mutation {!q}
 p - 2 potions of curing
 t - a potion of lignification
 u - a potion of heal wounds
 x - a potion of invisibility
Comestibles
 c - 11 rations


   Skills:
 + Level 3.1 Fighting
 + Level 3.1 Armour
 + Level 0.6 Dodging
 + Level 3.1 Shields
 * Level 6.2 Unarmed Combat
 + Level 0.9 Invocations


You had 5 spell levels left.
You didn't know any spells.

Dungeon Overview and Level Annotations

Branches:
Dungeon (4/15)             Temple (0/1) D:4

Altars:
Qazlal
Ru
Vehumet
Wu Jian

Annotations:
D:4 Dowan


Message History

Dowan whispers, "It won't be long now."
You block Duvessa's attack.
You barely miss Duvessa.
Duvessa is moderately wounded.
Duvessa hits you but does no damage.
You hit Duvessa but do no damage.
Duvessa is moderately wounded.
Duvessa hits you with a short sword.
You take 2 damage, and have 45/47 hp.
You punch Duvessa!
Duvessa is heavily wounded.
You block Duvessa's attack.
You hit Duvessa but do no damage.
Duvessa is heavily wounded.
Dowan gestures at Duvessa while chanting.
Duvessa seems to speed up.
Duvessa hits you but does no damage.
You hit Duvessa but do no damage.
Duvessa is heavily wounded.
You block Duvessa's attack.
You punch Duvessa!
Duvessa is severely wounded.
You block Duvessa's attack.
Dowan gestures wildly while chanting.
Dowan blinks!
Duvessa hits you with a short sword.
You take 4 damage, and have 41/47 hp.
You completely miss Duvessa.
Duvessa is severely wounded.
Duvessa hits you with a short sword.
You take 1 damage, and have 40/47 hp.
You hit Duvessa but do no damage.
Duvessa is severely wounded.
Duvessa hits you with a short sword.
Dowan gestures wildly while chanting.
Dowan blinks!
Duvessa closely misses you.
You take 1 damage, and have 39/47 hp.
You hit Duvessa.
Duvessa is almost dead.
Duvessa completely misses you.
You hit Duvessa but do no damage.
Duvessa is almost dead.
Duvessa hits you with a short sword. You block Dowan's attack.
You block Duvessa's attack.
You take 1 damage, and have 38/47 hp.
You completely miss Duvessa.
Duvessa is almost dead.
Duvessa hits you but does no damage.
Dowan points at you and mumbles some strange words.
You block the puff of flame.
You closely miss Duvessa.
Duvessa is almost dead.
Duvessa hits you but does no damage.
Dowan points at you and mumbles some strange words.
You resist with some effort. Duvessa hits you with a short sword.
You take 6 damage, and have 32/47 hp.
You hit Duvessa but do no damage.
Duvessa is almost dead.
Duvessa hits you with a short sword. Dowan hits you with a dagger.
You take 8 damage, and have 24/47 hp.
You closely miss Duvessa.
Duvessa is almost dead.
Duvessa hits you with a short sword.
* * * LOW HITPOINT WARNING * * *
Dowan's feet meld with the ground, briefly.
Dowan hits you but does no damage. Duvessa hits you with a short sword.
* * * LOW HITPOINT WARNING * * *
You take 8 damage, and have 16/47 hp.
You hit Duvessa but do no damage.
Duvessa is almost dead.
Duvessa hits you with a short sword.
* * * LOW HITPOINT WARNING * * *
Dowan casts a spell at you.
You are outlined in light.
You take 2 damage, and have 14/47 hp.
You hit Duvessa.
Duvessa is almost dead.
You block Duvessa's attack. Dowan barely misses you.
You hit Duvessa.
Duvessa is almost dead.
You block Duvessa's attack. x2; Dowan hits you but does no damage.
You hit Duvessa but do no damage.
Duvessa is almost dead.
You block Duvessa's attack. Dowan hits you but does no damage.
You hit Duvessa.
You kill Duvessa!
Qazlal accepts your kill.
Dowan screams, "No!
No!"
Dowan seems to find hidden reserves of power!
Dowan hits you but does no damage.
You hit Dowan.
Dowan is moderately wounded.
Dowan hits you but does no damage. x2
Your shield and ring mail prevent you from hitting Dowan.
Dowan is moderately wounded.
Dowan hits you but does no damage.
You closely miss Dowan.
Dowan is moderately wounded.
Dowan hits you but does no damage. Dowan gestures at you while chanting.
The shard of ice hits you!
You die...

#.# ######..# ##.....# #...#
##.######.....# ..###
#.........e..# .....##
########.e<..# ####...#
#.....# # #..## #.....# ##
#..### #.....#
.#######...###########.....#
..##.........#.e@).........#
#.....#####....#############
##.....# #.....#
#..#...#...#..#
#..##..#..##..# #..# #####
#..# #..# #..# #..# #..#
#..? ...#


You could see Dowan.

Vanquished Creatures
  Duvessa (D:4)
  An orc priest (D:4)
  12 adders
  2 worms (D:2)
  3 leopard geckos
  2 orcs (D:4)
  4 giant cockroaches
  9 goblins
  5 hobgoblins
  4 jackals (D:2)
  A quokka (D:2)
  3 ball pythons
  9 bats
  13 frilled lizards
  5 kobolds
  12 rats
86 creatures vanquished.

Vanquished Creatures (others)
  An iguana (D:4)
1 creature vanquished.

Grand Total: 87 creatures vanquished

Notes
Turn   | Place    | Note
-------+----------+-------------------------------------------
     0 | D:1      | Monsterracer the Human Fighter began the quest for the Orb.
     0 | D:1      | Reached XP level 1. HP: 18/18 MP: 1/1
   185 | D:1      | Reached XP level 2. HP: 24/24 MP: 2/2
   857 | D:1      | Reached skill level 3 in Unarmed Combat
  1083 | D:1      | You fall through a shaft!
  1107 | D:2      | Reached XP level 3. HP: 18/29 MP: 3/3
  1780 | D:1      | Reached skill level 4 in Unarmed Combat
  1780 | D:1      | Reached XP level 4. HP: 35/35 MP: 4/4
  2479 | D:2      | HP: 15/35 [worm (7)]
  2481 | D:2      | Reached XP level 5. HP: 17/41 MP: 5/5
  2865 | D:3      | Reached skill level 5 in Unarmed Combat
  2916 | D:3      | Found a stormy altar of Qazlal.
  3001 | D:3      | Became a worshipper of Qazlal Stormbringer
  3022 | D:3      | Found an ornate altar of the Wu Jian Council.
  3022 | D:3      | Found a sacrificial altar of Ru.
  3676 | D:4      | Noticed Duvessa
  3693 | D:4      | Noticed Dowan
  3719 | D:4      | HP: 20/41 [Duvessa/short sword (4)]
  3901 | D:4      | Found a staircase to the Ecumenical Temple.
  3934 | D:4      | Reached XP level 6. HP: 44/47 MP: 6/6
  3957 | D:4      | Reached skill level 6 in Unarmed Combat
  4029 | D:4      | Found a radiant altar of Vehumet.
  4094 | D:4      | HP: 20/47 [Duvessa/short sword (5)]
  4099 | D:4      | Killed Duvessa
  4102 | D:4      | Killed from afar by Dowan

Skill      XL: |  1  2  3  4  5  6 |
---------------+-------------------+-----
Unarmed Combat | 3 4 5 6 |  6.2
Fighting       | |  3.1
Armour         | |  3.1
Dodging        | |  0.6
Shields        | |  3.1
Invocations    | |  0.9

Action                   |  1- 3 |  4- 6 || total
-------------------------+-------+-------++-------
Melee: Unarmed           |   143 |   282 ||   425
  Use: Scroll            |       |    16 ||    16
  Eat: Chunk             |     2 |     9 ||    11
Armor: Scale mail        |    21 |       ||    21
       Ring mail         |    26 |    95 ||   121
Dodge: Dodged            |    33 |    57 ||    90
Block: Shield            |    59 |   126 ||   185

Vault maps used:
D:1:      dpeg_arrival_solitude, hangedman_decor_clover_reticule,
          hangedman_decor_diamond_cutter
D:2:      minmay_misc_feat_diagonals, minmay_lizard_king
D:3:      grunt_qazlal_clouds, gammafunk_temple_overflow_statue, first_ration
D:4:      fiery_altar_vehumet, minmay_temple_entry_hall, roderic_malta_cross,
          uniq_duvessa
